 Dungeon Sprint DCSS version 0.28-a0-410-gbef64dd269 (webtiles) character file.

Game seed: 16419166910330355691

905 ugugthedestroyer the Protected (level 7, -4/97 HPs)
             Began as a Minotaur Fighter on Sept 6, 2021.
             Was a Follower of Hepliaklqana.
             Killed from afar by an orc sorcerer (33 damage)
             ... with a bolt of fire
             ... in the Dungeon (Sprint VII: "The Pits").
             The game lasted 00:03:47 (580 turns).

ugugthedestroyer the Protected (Minotaur Fighter)    Turns: 580, Time: 00:03:47

Health: -4/97      AC: 17    Str: 23    XL:     7   Next: 80%
Magic:  6/6        EV:  7    Int:  5    God:    Hepliaklqana [*.....]
Gold:   0          SH:  6    Dex:  9    Spells: 6/6 levels left

rFire   . . .      SeeInvis .   k - +2 hand axe
rCold   . . .      Faith    .   c - +0 buckler
rNeg    . . .      Spirit   .   e - +2 plate armour
rPois   .          Reflect  .   (helmet restricted)
rElec   .          Harm     .   (no cloak)
rCorr   .          Rampage  .   (no gloves)
Will    .....      NoTele   +   (no boots)
Stlth   ..........              (no amulet)
HPRegen 0.26/turn               (no ring)
MPRegen 0.10/turn               (no ring)

@: berserking, very quick
A: reduced essence, horns 2, retaliatory headbutt
a: Renounce Religion, Recall Ancestor, Ancestor Identity


You were in the Dungeon.
You worshipped Hepliaklqana.
Hepliaklqana was aware of your devotion.
You visited 1 branch

Inventory:

Hand Weapons
 a - a +0 war axe
 k - a +2 hand axe (weapon)
Armour
 b - a +0 scale mail
 c - a +0 buckler (worn)
 e - a +2 plate armour (worn)
Scrolls
 j - a scroll of blinking
 m - 5 scrolls of amnesia
 n - a scroll of summoning
Potions
 f - a potion of heal wounds
 h - 4 potions of magic
 i - 2 potions of berserk rage
 l - 2 potions of invisibility
 o - 5 potions of curing


   Skills:
 + Level 10.5 Fighting
 + Level 11.2 Axes
 + Level 11.5 Armour
 + Level 0.3 Stealth
 + Level 9.4 Shields


You had 6 spell levels left.
You didn't know any spells.
Your spell library was empty.

Dungeon Overview and Level Annotations

Branches:
Dungeon (1/1)

Altars:
Ashenzari
Cheibriados
Dithmenos
Elyvilon
Fedhas
Gozag
Hepliaklqana
Kikubaaqudgha
Makhleb
Nemelex Xobeh
Okawaru
Qazlal
Ru
Sif Muna
Trog
Uskayaw
Vehumet
Wu Jian
Xom
Yredelemnul
Zin
The Shining One
Beogh
Jiyva
Lugonu


Innate Abilities, Weirdness & Mutations

Your life essence is reduced to manifest your ancestor. (-10% HP)
You have a pair of horns on your head.
You reflexively headbutt those who attack you in melee.


Message History

You closely miss the troll. Your headbutt misses the troll.
The troll barely misses you. You furiously retaliate!
You headbutt the troll! The troll claws you. The troll barely misses you.
You hit the troll.
The troll is heavily wounded.
Gladwin hits the troll.
You slash the troll! You headbutt the troll.
You kill the troll!
The troll leather armour is intact enough to wear.
Your Axes skill increases to level 11!
The iron imp hits you but does no damage.
The orc sorcerer barely misses you.
There is an open door, spattered with blood here.
Things that are here:
a +0 troll leather armour; a troll corpse You closely miss the orc sorcerer.
You slash the orc warrior!
Your plate armour prevents you from hitting the iron imp.
You block the orc knight's attack.
You hit the orc sorcerer but do no damage.
You headbutt the orc sorcerer!
The orc sorcerer is moderately wounded.
You hit the orc warrior. You barely miss the iron imp.
Your plate armour prevents you from hitting the orc sorcerer.
The orc sorcerer is moderately wounded.
You slash the orc warrior! You slash the iron imp!
The orc sorcerer points at you and mumbles some strange words.
The bolt of fire hits you!!
The bolt of fire hits Gladwin!
Gladwin resists.
The orc knight hits you from afar with a +0 glaive!
* * * LOW HITPOINT WARNING * * *
The iron imp misses you.
You slash the orc sorcerer!
The orc sorcerer is severely wounded.
You hit the orc warrior but do no damage.
You hit the iron imp.
You kill the iron imp!
The orc warrior barely misses you. The orc sorcerer casts a spell at you.
The bolt of fire hits you!!
You die...

#.#####'#####...<...#
#.#...)))[.##.......#
#.#...)))..##.......#
#'###########.......#
#).)....#..##########
#)))#...#)######
#...#...#)#....#
#.##.##.#'#oo..#
#...#...#R@o...+
#...#..)#'#oo..#
#.......'.#o...#
################


You could see the friendly Gladwin the ancestor, an orc knight, an orc sorcerer
(strong, ally target), an orc warrior (strong) and 3 orcs.

Vanquished Creatures
  A troll (D)
  2 orc warriors (D)
  A small abomination (D)
  7 wights (D)
  A crimson imp (D)
  A jelly (D)
  An iron imp (D)
  2 orc wizards (D)
  An adder (D)
  2 white imps (D)
  3 orcs (D)
  2 bat zombies (D)
  An endoplasm (D)
  A goblin (D)
  A hobgoblin (D)
  2 quokkas (D)
  A ball python skeleton (D)
  A frilled lizard (D)
31 creatures vanquished.

Notes
Turn   | Place    | Note
-------+----------+-------------------------------------------
     0 | D        | ugugthedestroyer the Minotaur Fighter began the quest for
                  | the Orb.
     0 | D        | Reached XP level 1. HP: 19/19 MP: 0/0
    44 | D        | Found a bloodstained altar of Trog.
    44 | D        | Found a shimmering blue altar of Sif Muna.
    44 | D        | Found a viscous altar of Jiyva.
    44 | D        | Found a hazy altar of Hepliaklqana.
    44 | D        | Found an opulent altar of Gozag.
    45 | D        | Found a glowing golden altar of the Shining One.
    45 | D        | Found a glowing silver altar of Zin.
    45 | D        | Found a basalt altar of Yredelemnul.
    45 | D        | Found a shimmering altar of Xom.
    45 | D        | Found an ornate altar of the Wu Jian Council.
    45 | D        | Found a sacrificial altar of Ru.
    45 | D        | Found a stormy altar of Qazlal.
    45 | D        | Found an iron altar of Okawaru.
    45 | D        | Found a sparkling altar of Nemelex Xobeh.
    45 | D        | Found a burning altar of Makhleb.
    45 | D        | Found a blossoming altar of Fedhas.
    45 | D        | Found a white marble altar of Elyvilon.
    45 | D        | Found a shadowy altar of Dithmenos.
    45 | D        | Found a snail-covered altar of Cheibriados.
    47 | D        | Found a radiant altar of Vehumet.
    47 | D        | Found a corrupted altar of Lugonu.
    48 | D        | Found a hide-covered altar of Uskayaw.
    48 | D        | Found an ancient bone altar of Kikubaaqudgha.
    48 | D        | Found a broken altar of Ashenzari.
    53 | D        | Became a worshipper of Hepliaklqana the Forgotten
    87 | D        | Noticed an orc wizard
   103 | D        | Reached XP level 2. HP: 11/28 MP: 1/1
   108 | D        | Reached skill level 5 in Shields
   114 | D        | Reached skill level 5 in Fighting
   114 | D        | Reached skill level 5 in Armour
   114 | D        | Reached XP level 3. HP: 15/36 MP: 2/2
   331 | D        | Reached * piety under Hepliaklqana
   332 | D        | Noticed an orc warrior
   343 | D        | Reached skill level 5 in Axes
   343 | D        | Reached XP level 4. HP: 22/40 MP: 3/3
   346 | D        | Reached XP level 5. HP: 40/46 MP: 4/4
   348 | D        | Killed an orc warrior
   349 | D        | Reached XP level 6. HP: 37/55 MP: 5/5
   352 | D        | Reached skill level 10 in Armour
   372 | D        | Noticed an orc warrior
   377 | D        | Killed an orc warrior
   389 | D        | Reached XP level 7. HP: 35/63 MP: 6/6
   400 | D        | Reached skill level 10 in Fighting
   400 | D        | Reached skill level 10 in Axes
   569 | D        | Noticed an orc sorcerer
   569 | D        | Noticed an orc knight
   569 | D        | Noticed a troll
   575 | D        | Killed a troll
   580 | D        | Killed from afar by an orc sorcerer

Illustrated notes

Levels and vault maps discovered:
D:        pitsprint [storerooms_1, entrance_room_1, metal_vault_4, armoury_1,
          mini_pit_1, grid_room_1, main_hall_1, silver_pit, the_coven_2,
          the_vestibule_1, steel_vault_4, golden_pit, hallway_of_sentries,
          crystal_vault_1, iron_vault_3, final_vault]

Skill      XL: |  1  2  3  4  5  6  7 |
---------------+----------------------+-----
Shields        | 4 5 6 7 8 9 |  9.4
Fighting       | 4 5 6 7 8 9 10 | 10.5
Armour         | 4 5 6 7 9 10 11 | 11.5
Axes           | 4 5 6 7 9 11 | 11.2
Stealth        | |  0.3

Action                   |  1- 3 |  4- 6 |  7- 9 || total
-------------------------+-------+-------+-------++-------
Melee: Hand axe          |    32 |    19 |    16 ||    67
       Headbutt          |     1 |     3 |     3 ||     7
       War axe           |     1 |       |       ||     1
Invok: Ancestor Identity |       |     1 |       ||     1
  Use: Potion            |     7 |     1 |     1 ||     9
Armor: Scale mail        |    24 |       |       ||    24
       Plate armour      |    11 |     5 |     3 ||    19
Dodge: Dodged            |    29 |     6 |     7 ||    42
Block: Buckler           |    12 |     1 |     3 ||    16

Table legend: (Time is in decaauts)
 A = Elapsed time spent in this place.
 B = Non-inter-level travel time spent in this place.
 C = Inter-level travel time spent in this place.
 D = Time resting spent in this place.
 E = Time spent auto-exploring this place.
 F = Levels seen in this place.
 G = Mean time per level.
                   A        B        C        D        E       F      G
               +--------+--------+--------+--------+--------+-----+--------+
         Total |    558 |    558 |      0 |      0 |      0 |   1 |  558.0 |
       Dungeon |    558 |    558 |      0 |      0 |      0 |   1 |  558.0 |
               +--------+--------+--------+--------+--------+-----+--------+

Top non-repeatable levels by time:
       D: 558 daAuts
